 Dungeon Crawl Stone Soup version 0.28.0-45-g0d030f2227 (webtiles) character file.

Game seed: 9810797447422985789

658 H0rd4k the Magician (level 7, -14/36 HPs)
             Began as a Deep Elf Hedge Wizard on Apr 12, 2022.
             Was an Initiate of Gozag.
             Demolished by an ogre
             ... wielding a +0 giant club
              (23 damage)
             ... on level 5 of the Dungeon.
             The game lasted 00:08:07 (5734 turns).

H0rd4k the Magician (Deep Elf Hedge Wizard)         Turns: 5734, Time: 00:08:09

Health: -14/36     AC:  1    Str:  7    XL:     7   Next: 29%
Magic:  14/20      EV: 13    Int: 21    God:    Gozag
Gold:   206        SH:  0    Dex: 17    Spells: 12/21 levels left

rFire   + + .      SeeInvis .   a - +0 dagger
rCold   . . .      Faith    .   (no shield)
rNeg    . . .      Spirit   .   b - +0 robe
rPois   .          Reflect  .   c - +0 hat
rElec   +          Harm     .   (no cloak)
rCorr   .          Rampage  .   (no gloves)
Will    .....                   (no boots)
Stlth   ++........              (no amulet)
HPRegen 0.12/turn               d - ring of protection from fire
MPRegen 0.17/turn               p - ring "Jibiow" {rElec rF+ Dex+3}

@: on blink cooldown
A: deformed body, wild magic 1
a: Renounce Religion, Potion Petition, Call Merchant, Bribe Branch


You were on level 5 of the Dungeon.
You worshipped Gozag.
Gozag was aware of your devotion.
You visited 1 branch of the dungeon, and saw 5 of its levels.

You collected 306 gold pieces.
You paid 100 gold pieces to Gozag.

Inventory:

Hand Weapons
 a - a +0 dagger (weapon)
Armour
 b - a +0 robe (worn)
 c - a +0 hat (worn)
Jewellery
 d - a ring of protection from fire (left hand)
 p - the ring "Jibiow" (right hand) {rElec rF+ Dex+3}
   (You found it on level 4 of the Dungeon)

   [ring of protection from fire]

   Dex:       It affects your dexterity (+3).
   rF:        It protects you from fire.
   rElec:     It insulates you from electricity.
Scrolls
 e - a scroll of magic mapping {unknown}
 h - 2 scrolls of enchant weapon {unknown}
 j - a scroll of vulnerability {unknown}
 k - 3 scrolls of teleportation
 l - a scroll of enchant armour {unknown}
 m - a scroll of immolation {unknown}
 n - 4 scrolls of identify {unknown}
 o - a scroll of silence {unknown}
 r - a scroll of brand weapon {unknown}
Potions
 f - a potion of magic {unknown}
 g - 2 potions of attraction {unknown}
 i - a potion of might {unknown}
 q - a potion of degeneration {unknown}


   Skills:
 + Level 0.3 Fighting
 + Level 2.9 Dodging
 - Level 2.4 Stealth
 + Level 7.7 Spellcasting
 + Level 5.0 Conjurations
 + Level 1.1 Summonings
 + Level 1.7 Translocations
 + Level 2.4 Fire Magic
 + Level 1.6 Air Magic
 + Level 1.4 Poison Magic


You had 12 spell levels left.
You knew the following spells:

 Your Spells              Type           Power      Damage    Failure   Level
a - Magic Dart            Conj           100%       1d8       2%          1
b - Blink                 Tloc           40%        N/A       10%         2
c - Conjure Flame         Conj/Fire      31%        6-21      9%          3
d - Mephitic Cloud        Conj/Pois/Air  25%        N/A       12%         3

Your spell library contained the following spells:

 Spells                   Type           Power      Damage    Failure   Level
 Call Imp                 Summ           16%        N/A       12%         2
 Freeze                   Ice            40%        1d6       13%         1
 Slow                     Hex            40%        N/A       13%         1
 Frozen Ramparts          Ice            20%        1d4       32%         3
 Tukima's Dance           Hex            10%        N/A       32%         3
 Hailstorm                Conj/Ice       24%        3d7       36%         4
 Passage of Golubria      Tloc           20%        N/A       45%         4
 Yara's Violent Unravell  Hex/Tmut       5%         3d4       95%         5


Dungeon Overview and Level Annotations

Branches:
Dungeon (5/15)
 Temple: D:4-7

Altars:
Gozag
Zin

Shops:
D:2 :!*:

Annotations:
D:3 exclusion: 2 downstairs


Innate Abilities, Weirdness & Mutations

Armour fits poorly on your strangely shaped body.
Your spells are a little harder to cast, but a little more powerful.


Message History

Saving game... please wait.
You hear the sound of rushing water.
There is an entrance to a sewer on this level.
Hurry and find it before the portal rusts away!
Welcome back, H0rd4k the Deep Elf Hedge Wizard.
Gozag says: Greed is good.
Press ? for a list of commands and other information.
Cast which spell? (? or * to list)
The spell is quite dangerous to miscast (12% risk of failure)!
Continue anyway?
Aiming: Mephitic Cloud (quite dangerous; 12% risk of failure)
Press: ? - help, Shift-Dir - straight line, f - river rat
Aim: a river rat (chance to affect: 91%)
The ball explodes into a vile cloud!
The stinking cloud engulfs the river rat but does no damage.
The stinking cloud engulfs the adder but does no damage.
The stinking cloud engulfs the phantom but does no damage.
The stinking cloud engulfs the ball python but does no damage.
You hear a shout!
You hear an angry hiss.
The river rat is engulfed in noxious fumes.
The river rat appears confused.
The adder is engulfed in noxious fumes.
The adder appears confused.
Unknown command.
The adder is engulfed in noxious fumes.
The adder appears confused.
The river rat is engulfed in noxious fumes.
You feel stable enough to blink again.
The adder is engulfed in noxious fumes.
The adder appears confused.
The phantom closely misses you.
The river rat barely misses the giant cockroach.
The adder is engulfed in noxious fumes.
The adder appears confused.
You hit the giant cockroach but do no damage.
The giant cockroach closely misses you.
The river rat bites the phantom.
The adder bites the river rat but does no damage.
The giant cockroach bites you.
* * * LOW HITPOINT WARNING * * *
Casting: Mephitic Cloud (quite dangerous; 12% risk of failure)
Confirm with . or Enter, or press ? or * to list all spells.
You blink.
The river rat closely misses you.
The ogre hits you with a +0 giant club!!
Ouch! That really hurt!
You die...
Your body crumbles into a pile of gold.

##+#≈≈...#
#≈≈≈≈≈≈...#
#≈≈≈......#
≈.≈......#
.........##
##....°..# ######
#.......# ......
#....S..# ......
#BWr@...########....
#§.BO..........#..#
#.S............#..##
#..............'...#
#..............#...+
########.......#...#
#.......#..###
#.......#..##.
#.....[.#.....


You could see a phantom, an ogre, an adder (confused), a river rat (confused), 2
giant cockroaches and a ball python.

Vanquished Creatures
  An ice beast (D:4)
  A black bear (D:4)
  2 necrophages
  A jelly (D:4)
  2 hounds (D:4)
  An iguana (D:4)
  A bullfrog skeleton (D:4)
  Terence (D:2)
  A hound zombie (D:5)
  5 adders
  A worm (D:3)
  2 dart slugs (D:1)
  2 orcs (D:3)
  4 ball pythons
  6 endoplasms
  2 giant cockroaches (D:1)
  9 goblins
  6 hobgoblins
  7 kobolds
  4 quokkas
  9 bats
  4 frilled lizards
  8 rats
80 creatures vanquished.

Notes
Turn   | Place    | Note
-------+----------+-------------------------------------------
     0 | D:1      | H0rd4k the Deep Elf Hedge Wizard began the quest for the
                  | Orb.
     0 | D:1      | Reached XP level 1. HP: 10/10 MP: 7/7
   379 | D:1      | Reached skill level 5 in Spellcasting
   380 | D:1      | Reached XP level 2. HP: 15/15 MP: 2/10
  1065 | D:1      | Reached XP level 3. HP: 19/19 MP: 8/12
  1068 | D:1      | Learned a level 2 spell: Blink
  1072 | D:1      | Learned a level 3 spell: Conjure Flame
  1076 | D:1      | Learned a level 3 spell: Mephitic Cloud
  1525 | D:2      | Found a faded altar of an unknown god.
  1633 | D:2      | Reached skill level 1 in Poison Magic
  1792 | D:2      | Found Olyil's Book Shoppe.
  1819 | D:2      | Found Zovarphida's Distillery.
  2069 | D:2      | Found Runuciox's Book Shop.
  2073 | D:2      | Noticed Terence
  2078 | D:2      | Reached XP level 4. HP: 24/24 MP: 8/13
  2108 | D:2      | Killed Terence
  2525 | D:2      | Found Sawkaugukk's Assorted Antiques.
  2918 | D:3      | Reached skill level 1 in Air Magic
  2918 | D:3      | Gained mutation: Armour fits poorly on your strangely
                  | shaped body. [potion of mutation]
  2918 | D:3      | Gained mutation: Your spells are a little harder to cast,
                  | but a little more powerful. [potion of mutation]
  3187 | D:3      | Found a glowing silver altar of Zin.
  3690 | D:4      | Noticed a necrophage
  3864 | D:4      | Noticed an ice beast
  4061 | D:4      | Reached skill level 6 in Spellcasting
  4061 | D:4      | Reached skill level 1 in Fire Magic
  4061 | D:4      | Reached XP level 5. HP: 17/28 MP: 10/15
  4449 | D:4      | Identified the ring "Jibiow" {rElec rF+ Dex+3}
  4681 | D:4      | Killed an ice beast
  4682 | D:4      | Reached XP level 6. HP: 32/32 MP: 2/17
  5077 | D:4      | Reached skill level 7 in Spellcasting
  5189 | D:4      | Reached XP level 7. HP: 36/36 MP: 2/19
  5308 | D:5      | Entered Level 5 of the Dungeon
  5475 | D:5      | Found an opulent altar of Gozag.
  5483 | D:5      | Became a worshipper of Gozag Ym Sagoz the Greedy
  5561 | D:5      | Reached skill level 5 in Conjurations
  5734 | D:5      | Demolished by an ogre

Illustrated notes

Levels and vault maps discovered:
D:1:      minmay_arrival_nine_rooms, layout_basic
D:2:      layout_basic, serial_shops, nicolae_shop_statue_plus,
          nicolae_shop_stone, shop, nicolae_shop_hallway_stairs,
          ebering_ecumenical_altar_sacrificial, minmay_pentomino_u2,
          uniq_terence
D:3:      layout_loops_ring, zin_statuary, dk_vineyard_2, serial_park_tiny_2,
          minmay_hedge_maze, minmay_fountain_box
D:4:      layout_basic, minmay_misc_feat_roman
D:5:      layout_gridville, old_standard_altar, portal_sewer_entry_e,
          hangedman_abyss_or_decor_passed

Skill      XL: |  1  2  3  4  5  6  7 |
---------------+----------------------+-----
Spellcasting   | 5 6 7 |  7.7
Poison Magic   | 1 |  1.4
Conjurations   | 2 4 5 |  5.0
Air Magic      | 1 |  1.6
Fire Magic     | 1 2 |  2.4
Fighting       | |  0.3
Dodging        | |  2.9
Stealth        | |  2.4
Summonings     | |  1.1
Translocations | |  1.7

Action                   |  1- 3 |  4- 6 |  7- 9 || total
-------------------------+-------+-------+-------++-------
Melee: Dagger            |       |       |     3 ||     3
 Cast: Magic Dart        |   113 |   124 |    18 ||   255
       Conjure Flame     |       |    11 |     2 ||    13
       Blink             |       |     4 |     5 ||     9
       Mephitic Cloud    |       |     2 |     1 ||     3
  Use: Potion            |       |     2 |       ||     2
       Scroll            |       |       |     1 ||     1
Armor: Robe              |     1 |     1 |     2 ||     4
Dodge: Dodged            |    12 |    10 |    26 ||    48
